 Dungeon Crawl Stone Soup version 0.28.0-53-g5a82cb258f (webtiles) character file.

Game seed: 9993956930274701412

4035 H0rd4k the Slasher (level 10, -4/77 HPs)
             Began as a Human Artificer on June 23, 2022.
             Was an Initiate of Gozag.
             Killed from afar by an electric eel (12 damage)
             ... with a bolt of electricity
             ... on level 8 of the Dungeon on June 24, 2022.
             The game lasted 00:15:51 (8026 turns).

H0rd4k the Slasher (Human Artificer)                Turns: 8026, Time: 00:15:52

Health: -4/77      AC:  3    Str: 13    XL:     10   Next: 48%
Magic:  10/10      EV: 14    Int: 15    God:    Gozag
Gold:   1323       SH:  0    Dex: 14    Spells: 9/9 levels left

rFire   . . .      SeeInvis .   o - +0 short sword (venom)
rCold   . . .      Faith    .   (no shield)
rNeg    . . .      Spirit   .   b - +0 leather armour
rPois   .          Reflect  .   (no helmet)
rElec   .          Harm     .   (no cloak)
rCorr   .          Rampage  .   (no gloves)
Will    +....                   (no boots)
Stlth   +.........              j - amulet of regeneration
HPRegen 1.02/turn               m - ring of flight
MPRegen 0.12/turn               v - ring of willpower

@: flying
A: no striking features
a: Renounce Religion, Potion Petition, Call Merchant, Bribe Branch


You were on level 8 of the Dungeon.
You worshipped Gozag.
Gozag was most pleased with you.
You visited 2 branches of the dungeon, and saw 9 of its levels.
You also visited: Ossuary.

You collected 1368 gold pieces.
You paid 45 gold pieces to Gozag.

Inventory:

Hand Weapons
 a - a +0 club
 g - a +1 falchion of draining
 h - a +0 mace of holy wrath
 o - a +0 short sword of venom (weapon)
 q - a +1 long sword of holy wrath
Missiles
 J - 4 throwing nets
Armour
 b - a +0 leather armour (worn)
Magical Staves
 y - a staff of air
 S - a staff of cold
Jewellery
 i - an amulet of magic regeneration
 j - an amulet of regeneration (around neck)
 m - a ring of flight (left hand)
 u - a ring of protection from fire
 v - a ring of willpower (right hand)
 A - a +6 ring of dexterity
 M - a ring of fire
 R - a ring of willpower
Wands
 c - a wand of flame (32) (quivered)
 d - a wand of charming (2)
 x - a wand of paralysis (7)
 B - a wand of iceblast (3)
Scrolls
 r - 5 scrolls of teleportation {unknown}
 s - a scroll of fear {unknown}
 w - a scroll of torment
 E - a scroll of enchant weapon {unknown}
 G - a scroll of fog {unknown}
 H - a scroll of summoning {unknown}
 I - a scroll of immolation {unknown}
 K - a scroll of brand weapon {unknown}
 L - 2 scrolls of identify
 O - 2 scrolls of blinking {unknown}
 Q - 2 scrolls of silence {unknown}
Potions
 f - a potion of haste {unknown}
 k - 5 potions of might
 l - 3 potions of invisibility
 n - 2 potions of cancellation
 p - 3 potions of flight
 t - 4 potions of attraction
 z - 2 potions of degeneration {unknown}
 C - 2 potions of mutation {unknown}
 D - 3 potions of brilliance {unknown}
 F - a potion of experience {unknown}
 N - a potion of lignification {unknown}
 P - a potion of curing
Miscellaneous
 e - a piece from Xom's chessboard (15/15)


   Skills:
 + Level 6.6 Fighting
 + Level 6.6(8.1) Short Blades
 + Level 7.1(8.3) Long Blades
 + Level 3.9 Maces & Flails
 - Level 2.0 Armour
 + Level 6.3 Dodging
 - Level 1.0 Stealth
 + Level 4.4 Evocations


You had 9 spell levels left.
You didn't know any spells.
Your spell library contained the following spells:

 Spells                   Type           Power      Damage    Failure   Level
 Gell's Gravitas          Tloc           0%         N/A       71%         3
 Teleport Other           Tloc           0%         N/A       71%         3
 Blade Hands              Tmut           0%         N/A       100%        5
 Irradiate                Conj/Tmut      0%         3d13      100%        5
 Iskenderun's Battlesphe  Conj           0%         2d6       100%        5
 Dispersal                Tloc           0%         N/A       100%        6
 Iron Shot                Conj/Erth      0%         9d1       100%        6
 Dragon Form              Tmut           0%         N/A       100%        7
 Spellforged Servitor     Conj/Summ      0%         N/A       100%        7


Dungeon Overview and Level Annotations

Branches:
Dungeon (8/15)             Temple (1/1) D:4         Ossuary (visited)
   Lair: D:8-11

Altars:
Ashenzari
Cheibriados
Dithmenos
Elyvilon
Fedhas
Gozag
Hepliaklqana
Kikubaaqudgha
Makhleb
Nemelex Xobeh
Okawaru
Qazlal
Ru
Sif Muna
Trog
Uskayaw
Vehumet
Xom
Yredelemnul
Zin
The Shining One

Annotations:
D:1 exclusion: downstairs
D:6 exclusion: downstairs, Harold
D:7 exclusion: downstairs
D:8 1 runed translucent door, exclusions: steam dragon and ugly thing, hitsuchi's ghost, novice DgEE


Message History

The bullfrog hits you.
You hit the bullfrog.
You kill the bullfrog!
You now have 1323 gold pieces (gained 7).
Found a robe.
The electric eel shoots out a bolt of lightning at you!
The bolt of electricity hits you! The bolt of electricity hits you.
An electric eel is nearby!
You start resting.
HP restored.
You hit the electric eel.
The electric eel is poisoned.
The electric eel is lightly wounded.
You barely miss the electric eel.
The electric eel is lightly wounded.
You barely miss the electric eel.
The electric eel is lightly wounded.
The electric eel shoots out a bolt of lightning at you!
The bolt of electricity hits you! x2
The bolt of electricity hits the electric eel.
The electric eel completely resists.
You miss the electric eel.
The electric eel is lightly wounded.
You barely miss the electric eel.
The electric eel is heavily wounded.
The electric eel shoots out a bolt of lightning at you!
The bolt of electricity hits you! x2
The bolt of electricity misses the electric eel.
You hit the electric eel.
The electric eel looks as sick as possible!
The electric eel is heavily wounded.
The electric eel shoots out a bolt of lightning at you!
The bolt of electricity hits you! x2
* * * LOW HITPOINT WARNING * * *
The bolt of electricity misses the electric eel.
The electric eel shoots out a bolt of lightning at you!
The bolt of electricity hits you!
* * * LOW HITPOINT WARNING * * *
The bolt of electricity hits you!
You die...
Your body crumbles into a pile of gold.

#.# ......... #.#
......... #.#
.....###.. #.#
...##⌠##. #.#
...##...## #.#
..##..?..#
#.##..#⌠..♣..W
############.#...##..
..#
...[....@..#.#....##.
.##
####♣♣.♣♣.#.......##
##. ♣≈S♣♣....##....#
#.. ♣♣≈♣♣♣..## ...
D.. P≈♣ #.♣... .
♣♣≈P♣♣♣♣♣.... ≈.≈
..... ≈≈≈ .... .≈≈♣
....$


You could see an electric eel (extremely poisoned).

Vanquished Creatures
  A two-headed ogre (D:8)
  Maggie (D:6)
  Prince Ribbit (D:7)
  A yak (D:8)
  A steam dragon (D:7)
  Menkaure (D:4)
  A water moccasin (D:8)
  An orc warrior (D:7)
  A sky beast (D:5)
  2 black bears
  A necrophage (D:7)
  An ogre (D:6)
  A centaur (D:7)
  2 phantoms
  2 bullfrogs
  2 scorpions
  A wyvern zombie (D:7)
  4 water moccasin zombies (Ossuary)
  4 wights (D:7)
  3 howler monkeys
  2 centaur zombies
  A bullfrog zombie (D:7)
  A human zombie (D:7)
  3 hounds
  A jelly (D:5)
  A gnoll shaman (D:7)
  A centaur skeleton (D:5)
  An orc priest (D:8)
  3 iguanas
  A bullfrog skeleton (D:6)
  4 orc wizards
  A hound skeleton (D:5)
  5 mummies
  2 howler monkey zombies (D:7)
  Robin (D:2)
  A howler monkey skeleton (D:5)
  9 gnolls
  4 adders
  A white imp (D:8)
  An ufetubus (D:5)
  6 adder zombies (Ossuary)
  An adder skeleton (D:4)
  2 worms
  2 dart slugs (D:3)
  13 orcs
  8 endoplasms
  2 giant cockroaches (D:3)
  2 gnoll zombies (Ossuary)
  15 goblins
  9 hobgoblins
  7 jackals (D:2)
  4 quokkas
  10 ball pythons
  4 bats
  7 frilled lizards
  8 hobgoblin zombies (Ossuary)
  6 kobolds
  4 kobold zombies (Ossuary)
  4 orc zombies (Ossuary)
  7 rats
197 creatures vanquished.

Vanquished Creatures (collateral kills)
  2 kobolds
2 creatures vanquished.

Vanquished Creatures (others)
  An ogre (D:5)
  3 wights (D:7)
  An adder (D:3)
  A worm (D:3)
  6 plants
12 creatures vanquished.

Grand Total: 211 creatures vanquished

Notes
Turn   | Place    | Note
-------+----------+-------------------------------------------
     0 | D:1      | H0rd4k the Human Artificer began the quest for the Orb.
     0 | D:1      | Reached XP level 1. HP: 15/15 MP: 1/1
   362 | D:1      | Reached XP level 2. HP: 16/21 MP: 2/2
   839 | D:1      | Found a faded altar of an unknown god.
   998 | D:2      | Noticed Robin
  1050 | D:2      | Reached XP level 3. HP: 26/26 MP: 3/3
  1106 | D:2      | Reached skill level 1 in Maces & Flails
  1365 | D:3      | Reached XP level 4. HP: 33/33 MP: 4/4
  1968 | D:3      | Noticed a scorpion
  1987 | D:3      | Killed a scorpion
  1988 | D:3      | Reached XP level 5. HP: 38/38 MP: 5/5
  2487 | D:4      | Reached XP level 6. HP: 44/44 MP: 6/6
  2568 | D:4      | Found a staircase to the Ecumenical Temple.
  2576 | Temple   | Entered the Ecumenical Temple
  2756 | Temple   | Became a worshipper of Gozag Ym Sagoz the Greedy
  2868 | D:2      | Killed Robin
  2909 | D:2      | Reached skill level 1 in Short Blades
  3108 | D:2      | Found a shimmering altar of Xom.
  3514 | D:4      | Noticed Menkaure
  3527 | D:4      | Killed Menkaure
  3721 | D:4      | Reached XP level 7. HP: 35/51 MP: 7/7
  3889 | D:5      | Entered Level 5 of the Dungeon
  4184 | D:5      | Reached skill level 1 in Long Blades
  4477 | D:6      | Reached XP level 8. HP: 52/58 MP: 8/8
  4557 | D:6      | HP: 2/58 [black bear (4)]
  4764 | D:6      | Noticed Maggie
  4775 | D:6      | Killed Maggie
  4776 | D:6      | Reached skill level 2 in Long Blades
  4849 | D:6      | Reached skill level 5 in Short Blades
  4929 | D:6      | Found a sand-covered staircase.
  5023 | Ossuary  | Entered an ossuary
  5129 | Ossuary  | Reached XP level 9. HP: 59/66 MP: 9/9
  5153 | Ossuary  | Reached skill level 3 in Long Blades
  5694 | D:7      | Reached skill level 4 in Long Blades
  5852 | D:7      | Noticed Harold
  5895 | D:7      | HP: 3/64 [Harold/+0 war axe (18)]
  5942 | D:7      | Reached skill level 5 in Fighting
  5977 | D:7      | Reached skill level 5 in Dodging
  6396 | D:7      | Found an ancient bone altar of Kikubaaqudgha.
  6406 | D:7      | Reached skill level 5 in Long Blades
  6717 | D:7      | Noticed Prince Ribbit
  6724 | D:7      | Killed Prince Ribbit
  6725 | D:7      | Reached skill level 6 in Long Blades
  6763 | D:7      | Reached XP level 10. HP: 46/76 MP: 10/10
  7322 | D:8      | Noticed a purple ugly thing
  7547 | D:8      | Noticed a two-headed ogre
  7556 | D:8      | Killed a two-headed ogre
  7557 | D:8      | Reached skill level 7 in Long Blades
  7639 | D:8      | Found a runed translucent door.
  7642 | D:8      | Noticed hitsuchi's ghost (novice DgEE)
  8026 | D:8      | Killed from afar by an electric eel

Illustrated notes

Levels and vault maps discovered:
D:1:      minmay_arrival_hallway, layout_basic, basic_ecumenical_altar
D:2:      layout_loops_ring, basic_altar, uniq_robin
D:3:      layout_loops_corners, serial_bayou, serial_bayou_pond_b,
          serial_bayou_shore_a, serial_bayou_pond_b, serial_bayou_lagoon_a,
          serial_bayou_lake_a
D:4:      layout_basic, minmay_temple_entry_junction_2, uniq_menkaure
D:5:      layout_rooms, grunt_decor_resistance
D:6:      layout_loops_ring, nicolae_ossuary_entry_plus, uniq_maggie
D:7:      layout_loops_ring, lemuel_mausoleum_altar_kikubaaqudgha,
          uniq_prince_ribbit1, uniq_harold
D:8:      layout_rooms, hellmonk_ghost_happy_afterlife, serial_bayou,
          serial_bayou_crossing, serial_bayou_shore_b, serial_bayou_pond_a,
          serial_bayou_shore_b, kennysheep_island_fort
Temple:   mainiacjoe_temple_starburst

Skill      XL: |  1  2  3  4  5  6  7  8  9 10 |
---------------+-------------------------------+-----
Maces & Flails | 1 3 |  3.9
Fighting       | 2 3 4 5 6 |  6.6
Dodging        | 2 3 4 5 6 |  6.3
Short Blades   | 2 3 5 6 |  6.6
Long Blades    | 1 2 6 7 |  7.1
Evocations     | 4 |  4.4
Armour         | |  2.0
Stealth        | |  1.0

Action                   |  1- 3 |  4- 6 |  7- 9 | 10-12 || total
-------------------------+-------+-------+-------+-------++-------
Melee: Club              |    21 |       |       |       ||    21
       Mace              |    96 |    59 |       |       ||   155
       Punch             |     1 |     2 |    15 |     3 ||    21
       Short sword       |       |   137 |   202 |   113 ||   452
       Long sword        |       |       |   209 |     2 ||   211
Evoke: Wand              |       |     6 |    23 |     1 ||    30
  Use: Potion            |       |       |     3 |       ||     3
       Scroll            |       |       |     7 |       ||     7
 Stab: Sleeping          |     3 |     3 |     3 |       ||     9
       Paralysed         |       |       |     4 |     3 ||     7
Armor: Leather armour    |    45 |    39 |    57 |    17 ||   158
Dodge: Dodged            |    84 |   121 |   274 |    70 ||   549
